[Event "Titled Tuesday Blitz May 11 2021"]
[White "Matlakov, Maxim"]
[Black "Goltsev, Dmitry"]
[WhiteFideId "4168003"]
[BlackFideId "24176710"]
[WhiteElo "2760"]
[BlackElo "2366"]
[Result "1-0"]
[Round "07"]
[TimeControl "180+1"]
[Date "2021.05.11"]
[WhiteClock "0:01:55"]
[BlackClock "0:00:54"]

1. c4 Nf6 2. Nc3 e5 3. Nf3 Nc6 4. d3 d6 5. g3 h6 6. Bg2 g6 7. O-O Bg7 8. Rb1 O-O 9. b4 Bd7 10. b5 Ne7 11. a4 c6 12. Ba3 Qc7 13. Nd2 Rfb8 14. Qc2 Nf5 15. e3 a6 16. bxc6 Bxc6 17. Nde4 Nxe4 18. Nxe4 h5 19. h3 Qd7 20. a5 Rc8 21. Qd2 Kh8 22. Rb6 d5 23. Nc5 Qd6 24. cxd5 1-0


[Site "https://www.chess.com"]

[Event "Titled Tuesday Blitz May 11 2021"]
[White "Mikhalevski, Victor"]
[Black "Xiong, Jeffery"]
[WhiteFideId "2801914"]
[BlackFideId "2047640"]
[WhiteElo "2567"]
[BlackElo "2724"]
[Result "0-1"]
[Round "07"]
[TimeControl "180+1"]
[Date "2021.05.11"]
[WhiteClock "0:01:27"]
[BlackClock "0:01:22"]

1. Nf3 c5 2. g3 Nc6 3. d4 cxd4 4. Nxd4 g6 5. Bg2 Bg7 6. Nxc6 dxc6 7. O-O Qxd1 8. Rxd1 Bg4 9. Bf3 Bxf3 10. exf3 Rd8 11. Rxd8+ Kxd8 12. c3 Nf6 13. Nd2 Kc8 14. Nc4 Rd8 15. Bf4 Nd5 16. Be5 Bxe5 17. Nxe5 f6 18. Nc4 Nb6 19. Nxb6+ axb6 20. Re1 e5 21. Re2 Rd1+ 22. Kg2 Kd7 23. h4 b5 24. a3 Kd6 25. f4 exf4 26. gxf4 Rb1 27. Rd2+ Kc5 28. Rd7 Rxb2 29. Rxb7 Rb3 30. Rxh7 Rxc3 31. Rh6 Rxa3 32. Rxg6 b4 33. Rg8 b3 34. Rb8 Kc4 35. h5 Ra5 36. h6 Rh5 37. Rb6 c5 38. Rxf6 b2 39. Rb6 Kc3 40. Kg3 Rxh6 41. Rb8 Kc2 42. Kf3 b1=Q 43. Rxb1 Kxb1 44. Ke4 Rd6 45. Ke5 Rd2 0-1


[Site "https://www.chess.com"]

[Event "Titled Tuesday Blitz May 11 2021"]
[White "Mohammad Fahad, Rahman"]
[Black "Debashis, Das"]
[WhiteFideId "10207791"]
[BlackFideId "5024854"]
[WhiteElo "2323"]
[BlackElo "2470"]
[Result "1/2-1/2"]
[Round "07"]
[TimeControl "180+1"]
[Date "2021.05.11"]
[WhiteClock "0:00:56"]
[BlackClock "0:00:05"]

1. e4 c5 2. Nf3 d6 3. d4 cxd4 4. Qxd4 Nf6 5. c4 Nc6 6. Qe3 Bg4 7. Be2 g6 8. O-O Bxf3 9. Bxf3 Bg7 10. Rd1 Nd7 11. Nc3 O-O 12. b3 Qb6 13. Qe1 Nd4 14. Bg4 Ne5 15. Na4 Qc6 16. Bb2 Nc2 17. Qe2 Nxa1 18. Bxa1 Nxg4 19. Bxg7 Kxg7 20. Qxg4 b5 21. cxb5 Qxb5 22. Nc3 Qe5 23. Nd5 e6 24. Ne3 Rfd8 25. h4 h5 26. Qf3 Rac8 27. Nc4 Qf6 28. Qe3 d5 29. e5 Qxh4 30. Nd6 Rc2 31. Qxa7 Rd7 32. Qe3 Rxa2 33. Qf3 d4 34. g3 Qg4 35. Qxg4 hxg4 36. Rxd4 Kf8 37. Rxg4 Rb2 38. b4 Ke7 39. Rc4 Rxd6 40. exd6+ Kxd6 41. Kg2 f5 42. g4 g5 43. gxf5 exf5 44. Rc5 Ke6 45. Rb5 g4 46. Kg3 Rb3+ 47. Kg2 f4 48. Rg5 g3 49. fxg3 fxg3 50. b5 Kd6 51. Rh5 Kc7 52. Rg5 Kb6 53. Rf5 Rxb5 54. Rf6+ Ka5 55. Kxg3 Rb6 56. Rxb6 Kxb6 1/2-1/2


[Site "https://www.chess.com"]

[Event "Titled Tuesday Blitz May 11 2021"]
[White "Nakamura, Hikaru"]
[Black "Jobava, Baadur"]
[WhiteFideId "2016192"]
[BlackFideId "13601520"]
[WhiteElo "2900"]
[BlackElo "2748"]
[Result "0-1"]
[Round "07"]
[TimeControl "180+1"]
[Date "2021.05.11"]
[WhiteClock "0:00:08"]
[BlackClock "0:00:01"]

1. Nf3 Nf6 2. e3 b6 3. c4 Bb7 4. Nc3 e6 5. b3 c5 6. Bb2 Be7 7. Qc2 d6 8. Be2 Nbd7 9. O-O O-O 10. d4 cxd4 11. Nxd4 a6 12. Bf3 Qc7 13. Bxb7 Qxb7 14. Rfd1 Rfc8 15. Qe2 h6 16. e4 Rab8 17. f3 Bf8 18. Kh1 Re8 19. Rd2 Rbc8 20. Rad1 Qb8 21. Qf1 Nc5 22. Nc2 Qb7 23. Ne3 Rb8 24. Ne2 Ncd7 25. Ba3 Nc5 26. Nc3 Rec8 27. Bxc5 Rxc5 28. a4 Rcc8 29. Qd3 Nd7 30. Qb1 Re8 31. f4 Nf6 32. e5 dxe5 33. fxe5 Nh7 34. Rd7 Qc6 35. Rxf7 Kxf7 36. Qxh7 Rbd8 37. Rf1+ Ke7 38. Qg6 Kd7 39. Rf7+ Kc8 40. Ned5 Rd7 41. Rxd7 Kxd7 42. Qf7+ Kd8 43. Nf4 Qd7 44. Qg6 Bb4 45. Nce2 Qd1+ 46. Ng1 Bc5 47. Ne2 Qxb3 48. Qxg7 Qxc4 49. Qxh6 Qd5 50. Qf6+ Kd7 51. h4 Qe4 52. Ng3 Qg4 53. N1e2 Rf8 54. Qh6 Be7 55. Qd2+ Ke8 56. Nf1 Rxf1+ 0-1


[Site "https://www.chess.com"]

[Event "Titled Tuesday Blitz May 11 2021"]
[White "Narayanan.S.L"]
[Black "Belous, Vladimir"]
[WhiteFideId "5058422"]
[BlackFideId "4174003"]
[WhiteElo "2617"]
[BlackElo "2583"]
[Result "1/2-1/2"]
[Round "07"]
[TimeControl "180+1"]
[Date "2021.05.11"]
[WhiteClock "0:00:50"]
[BlackClock "0:01:35"]

1. c4 c5 2. Nc3 g6 3. g3 Bg7 4. Bg2 Nc6 5. Nf3 d6 6. O-O Bf5 7. d3 Qd7 8. Re1 Bh3 9. Bh1 h5 10. Ng5 h4 11. Nxh3 hxg3 12. hxg3 Qxh3 13. Bg2 Qh2+ 14. Kf1 Nh6 15. Bxh6 Rxh6 16. e3 O-O-O 17. Bxc6 bxc6 18. Qf3 Kd7 19. Ke2 Qh5 20. Rh1 Qxf3+ 21. Kxf3 Rxh1 22. Rxh1 Rb8 23. Na4 f5 24. b3 Rh8 25. Rxh8 Bxh8 26. Ke2 g5 27. f4 g4 28. Kd2 e5 29. Nc3 exf4 30. exf4 Bd4 31. Ne2 Bf2 32. Kc3 Kc7 33. a3 a5 34. a4 Be1+ 35. Kc2 Kd7 36. Kd1 Bf2 37. Kd2 Ke6 38. Kd1 Kf6 39. Kd2 Kg6 40. Kd1 Kf6 41. Kd2 d5 42. Kd1 Ke6 43. Kc2 d4 44. Kd2 Kf6 45. Kd1 Ke6 46. Kc2 Kd6 47. Kb1 Ke6 48. Ka2 Kd6 49. Kb1 Ke6 50. Kc2 Kd6 51. Kc1 Ke6 1/2-1/2


[Site "https://www.chess.com"]

[Event "Titled Tuesday Blitz May 11 2021"]
[White "Petriashvili, Nikoloz"]
[Black "Fernandez, Daniel Howard"]
[WhiteFideId "13611216"]
[BlackFideId "5801605"]
[WhiteElo "2430"]
[BlackElo "2468"]
[Result "1/2-1/2"]
[Round "07"]
[TimeControl "180+1"]
[Date "2021.05.11"]
[WhiteClock "0:00:03"]
[BlackClock "0:00:08"]

1. d4 Nf6 2. c4 e6 3. Nf3 Bb4+ 4. Bd2 a5 5. g3 c5 6. Bg2 cxd4 7. Nxd4 Nc6 8. Bxb4 axb4 9. O-O O-O 10. Nb5 d5 11. cxd5 exd5 12. a3 Bg4 13. Nd2 Re8 14. Nf3 Qd7 15. a4 Ne4 16. Qd3 Nc5 17. Qd1 b3 18. Nbd4 Nxa4 19. Qxb3 Nc5 20. Qc2 Ne4 21. Rxa8 Rxa8 22. Rc1 Rc8 23. Qd1 Nxd4 24. Nxd4 Bh5 25. Rxc8+ Qxc8 26. Nc2 Qc4 27. Bxe4 Qxe4 28. f3 Qe5 29. Nd4 h6 30. Qd2 Bg6 31. Kf2 h5 32. Qe3 Qd6 33. Qc3 Kh7 34. h4 Qd7 35. Qe3 Qh3 36. Qe5 Qh2+ 37. Ke1 Qg1+ 38. Kd2 Qa1 39. b3 Qa5+ 40. Ke3 Qc5 41. Kf2 b5 42. Qe3 b4 43. Qd2 Qb6 44. Qe3 Qc5 45. Qe5 f6 46. Qe3 Qc8 47. Kg2 Qc5 48. Kf2 Qc8 49. Qe7 Kg8 50. Qe6+ Qxe6 51. Nxe6 Kf7 52. Nd8+ Ke8 53. Nc6 Bc2 54. Nd4 Bg6 55. Ke3 Kd7 56. Kf4 Kd6 57. Ke3 Kd7 58. Kd2 Kd6 59. e3 Kd7 60. Ne2 Bf7 61. Nf4 g5 62. Nd3 d4 63. exd4 Kd6 64. Nxb4 Bxb3 65. Ke3 Be6 66. Nd3 Bf5 67. Nf2 Ke6 68. Ne4 gxh4 69. gxh4 Bg6 70. Ng3 Kd5 71. Ne2 Bf7 72. Nf4+ Kd6 73. Ke4 Bb3 74. Kf5 Bd1 75. Nxh5 Bxf3 76. Nxf6 Be2 77. Ke4 Bd1 78. Ke3 Ke6 79. Ne4 Kf5 80. h5 Bb3 81. Nc5 Bd5 82. Nd3 Kg5 83. Nf4 Bf7 84. Ke4 Bg8 85. Ke5 Bf7 86. d5 Kh6 87. Kf6 Bxd5 88. Nxd5 Kxh5 1/2-1/2


[Site "https://www.chess.com"]

[Event "Titled Tuesday Blitz May 11 2021"]
[White "Praggnanandhaa R"]
[Black "Kobalia, Mikhail"]
[WhiteFideId "25059530"]
[BlackFideId "4119150"]
[WhiteElo "2555"]
[BlackElo "2569"]
[Result "1/2-1/2"]
[Round "07"]
[TimeControl "180+1"]
[Date "2021.05.11"]
[WhiteClock "0:00:06"]
[BlackClock "0:00:02"]

1. d4 d5 2. Bf4 c5 3. e3 Nc6 4. Nf3 Nf6 5. Nbd2 cxd4 6. exd4 Bf5 7. Bb5 Bd7 8. c3 a6 9. Bd3 Bg4 10. Qb3 Na5 11. Qc2 e6 12. Ne5 Nc6 13. Qb3 Nxe5 14. dxe5 Nd7 15. Qxb7 Be7 16. Qb3 Bg5 17. Bg3 Bxd2+ 18. Kxd2 Nc5 19. Qa3 Nxd3 20. Kxd3 Qb6 21. Qa4+ Qb5+ 22. Qxb5+ axb5 23. Bf4 Kd7 24. Be3 h5 25. h4 Ra4 26. Bd4 Rg8 27. a3 Bf5+ 28. Kd2 Kc6 29. Rae1 Kd7 30. Re3 Rc8 31. Rc1 Rc6 32. Rg3 Bg6 33. Re3 Bf5 34. f3 Rc8 35. Re2 Rg8 36. Ke3 Rc8 37. Rg1 Rh8 38. g4 Bg6 39. Rh2 Rc4 40. Kf4 Ra4 41. Ra1 Ra6 42. Rg1 Ra4 43. Ke3 Rc4 44. f4 hxg4 45. Rxg4 Rh7 46. Rg5 Bf5 47. h5 Rc8 48. Rhg2 Rg8 49. Bc5 Kc6 50. Bb4 g6 51. Be7 Ra8 52. hxg6 fxg6 53. Bf6 Rh3+ 54. R5g3 Rxg3+ 55. Rxg3 Ra7 56. Bg5 Rh7 57. Rg2 Rh3+ 58. Kd2 Kc5 59. Be7+ Kc4 60. Bb4 Kb3 61. Ke1 Rh1+ 62. Kf2 Kxb2 63. Kg3+ Kb3 64. Rh2 Rg1+ 65. Rg2 Rf1 66. Rf2 Rd1 67. Rh2 Rd3+ 68. Kh4 Rf3 69. Kg5 Rg3+ 70. Kf6 Rg4 71. Rf2 Kc4 72. Ke7 Kd3 73. Kd6 Ke3 74. Bc5+ Ke4 75. Kc6 Rxf4 76. Rxf4+ Kxf4 77. Kxb5 Kxe5 78. a4 Bd3+ 79. Kb6 Ke4 80. a5 e5 81. a6 Bxa6 82. Kxa6 g5 83. Kb5 g4 84. Bg1 g3 85. Kc5 g2 86. Kb4 d4 87. cxd4 exd4 88. Kc4 d3 89. Kc3 Kf3 90. Kxd3 Kf4 91. Ke2 Kf5 92. Kf2 Ke6 93. Kxg2 1/2-1/2


[Site "https://www.chess.com"]

[Event "Titled Tuesday Blitz May 11 2021"]
[White "Quparadze, Giga"]
[Black "Sethuraman, S.P."]
[WhiteFideId "13602250"]
[BlackFideId "5021596"]
[WhiteElo "2658"]
[BlackElo "2477"]
[Result "1-0"]
[Round "07"]
[TimeControl "180+1"]
[Date "2021.05.11"]
[WhiteClock "0:01:48"]
[BlackClock "0:00:57"]

1. e4 e5 2. Nf3 Nc6 3. Bb5 a6 4. Ba4 Nf6 5. Nc3 b5 6. Bb3 Bc5 7. d3 h6 8. Nd5 d6 9. c3 Rb8 10. d4 Ba7 11. O-O O-O 12. Be3 Nxe4 13. a4 b4 14. dxe5 Bxe3 15. fxe3 bxc3 16. Qc2 Nc5 17. Nf6+ Qxf6 18. exf6 Rxb3 19. fxg7 Re8 20. bxc3 Rxe3 21. Nd4 Rbxc3 22. Qf2 Ne5 23. Qf6 Bd7 24. Rab1 1-0


[Site "https://www.chess.com"]

[Event "Titled Tuesday Blitz May 11 2021"]
[White "Sasikiran, Krishnan"]
[Black "Borsuk, Konstantin"]
[WhiteFideId "5004985"]
[BlackFideId "14113406"]
[WhiteElo "2552"]
[BlackElo "2363"]
[Result "1-0"]
[Round "07"]
[TimeControl "180+1"]
[Date "2021.05.11"]
[WhiteClock "0:00:44"]
[BlackClock "0:00:16"]

1. e4 e6 2. d4 d5 3. Nc3 Bb4 4. exd5 exd5 5. Bd3 Nf6 6. Ne2 c6 7. O-O O-O 8. Bf4 Nbd7 9. a3 Ba5 10. Re1 Re8 11. Qd2 Nf8 12. Ng3 Ne6 13. Be5 Nd7 14. b4 Nxe5 15. dxe5 Bc7 16. f4 Qh4 17. Rf1 g6 18. Rae1 Ng7 19. Nce2 b6 20. Nd4 c5 21. Nf3 Qd8 22. f5 c4 23. f6 cxd3 24. Qh6 Ne6 25. Ng5 1-0


[Site "https://www.chess.com"]

[Event "Titled Tuesday Blitz May 11 2021"]
[White "Sevian, Samuel"]
[Black "Holt, Conrad"]
[WhiteFideId "2040506"]
[BlackFideId "2034387"]
[WhiteElo "2981"]
[BlackElo "2586"]
[Result "1/2-1/2"]
[Round "07"]
[TimeControl "180+1"]
[Date "2021.05.11"]
[WhiteClock "0:00:07"]
[BlackClock "0:00:06"]

1. e4 e6 2. d4 d5 3. Bd3 dxe4 4. Bxe4 Nf6 5. Bf3 c5 6. Ne2 Nc6 7. Be3 cxd4 8. Nxd4 Ne5 9. Nc3 Be7 10. Qe2 Nxf3+ 11. Qxf3 O-O 12. O-O-O Qa5 13. g4 Rd8 14. g5 Nd5 15. Nf5 Bf8 16. Rhg1 exf5 17. Nxd5 Be6 18. Nc3 Rdc8 19. Bd4 Bxa2 20. Qxb7 Rcb8 21. Qc6 Be6 22. Qa4 Qc7 23. Qa6 Rb4 24. Rge1 Bc4 25. Qa1 Qb7 26. b3 Be6 27. Rd2 a5 28. Na4 Qc6 29. Qc3 Qb5 30. Re5 Qb8 31. Bc5 Rxa4 32. bxa4 Qc7 33. Bd4 Qe7 34. f4 Rb8 35. Rb5 Ra8 36. Qb2 Qe8 37. Kb1 Bd7 38. Re5 Be6 39. Rd3 Qxa4 40. Bc5 Qc6 41. Bxf8 Rxf8 42. Rxa5 Qh1+ 43. Qc1 Rb8+ 44. Rb3 Qxc1+ 45. Kxc1 Bxb3 46. cxb3 h6 47. gxh6 Rxb3 48. hxg7 Kxg7 49. Rxf5 Rh3 50. Rg5+ Kf6 51. Rg2 Kf5 52. Rf2 Kg4 53. Kd2 f5 54. Ke2 Ra3 55. Kf1 Kh3 56. Rc2 Kg4 57. Kg2 Kxf4 58. Rc4+ Ke3 59. Kg3 Ra5 60. Rc8 Ra6 61. Re8+ Kd4 62. Kf4 Rh6 63. Re2 Rh5 64. Rd2+ Kc3 65. Rg2 Kd3 66. Ra2 Kd4 67. Rf2 Kd3 68. Rf3+ Kd4 69. h3 Kd5 70. Re3 Kd4 71. Ra3 Kd5 72. Rg3 Kd4 73. Rf3 Kd5 74. Re3 Kd4 75. Ra3 Kd5 76. Kg3 Ke5 77. Ra6 Rg5+ 78. Kf3 Rg8 79. h4 Rc8 80. Ra5+ Kf6 81. Ra6+ Ke5 82. Ra5+ Kf6 83. Ra6+ Ke5 1/2-1/2


[Site "https://www.chess.com"]

[Event "Titled Tuesday Blitz May 11 2021"]
[White "Shimanov, Aleksandr"]
[Black "Urazayev, Arystanbek"]
[WhiteFideId "4198603"]
[BlackFideId "13709810"]
[WhiteElo "2596"]
[BlackElo "2321"]
[Result "1/2-1/2"]
[Round "07"]
[TimeControl "180+1"]
[Date "2021.05.11"]
[WhiteClock "0:00:09"]
[BlackClock "0:00:09"]

1. e4 c6 2. Nf3 d5 3. d3 Qc7 4. Nc3 dxe4 5. dxe4 e5 6. Bc4 h6 7. a4 Nf6 8. O-O Bc5 9. h3 O-O 10. Qe2 a5 11. Be3 Bxe3 12. Qxe3 Na6 13. Ne2 Re8 14. Ng3 Qe7 15. c3 Qc5 16. Qe2 Nc7 17. Nd2 Be6 18. Rfd1 b5 19. Bxe6 Nxe6 20. axb5 cxb5 21. Nf5 Nf4 22. Qe3 Qxe3 23. Nxe3 a4 24. f3 Red8 25. Ndf1 Nd3 26. Rd2 Nc5 27. Rad1 Rxd2 28. Rxd2 a3 29. bxa3 Rxa3 30. Rb2 Rxc3 31. Rxb5 g6 32. Rb2 Kg7 33. Rd2 Rd3 34. Rc2 Ne6 35. Nc4 Nd7 36. Rd2 Rxd2 37. Nfxd2 f6 38. h4 h5 39. Kf2 Ndc5 40. g3 Nd4 41. Ke3 Ncb3 42. Nxb3 Nxb3 43. f4 exf4+ 44. gxf4 Kf7 45. e5 fxe5 46. fxe5 Nc5 47. Kf4 Ne6+ 48. Ke4 g5 49. hxg5 Nxg5+ 50. Kf5 Ne6 51. Nd6+ Ke7 52. Ne4 Nd4+ 53. Kg5 Ke6 54. Kxh5 Kxe5 1/2-1/2


[Site "https://www.chess.com"]

[Event "Titled Tuesday Blitz May 11 2021"]
[White "Shkapenko, Pavel"]
[Black "Acor, Corey"]
[WhiteFideId "4151933"]
[BlackFideId "2024861"]
[WhiteElo "2386"]
[BlackElo "2805"]
[Result "0-1"]
[Round "07"]
[TimeControl "180+1"]
[Date "2021.05.11"]
[WhiteClock "0:01:02"]
[BlackClock "0:01:05"]

1. e4 e5 2. Nf3 Nc6 3. Bc4 Bc5 4. c3 Nf6 5. d4 exd4 6. b4 Bb6 7. e5 d5 8. exf6 dxc4 9. Qe2+ Be6 10. b5 d3 11. Qe4 Nb4 12. O-O Nc2 13. fxg7 Rg8 14. Bg5 Qd5 15. Qxh7 Kd7 16. Nbd2 Bf5 17. Qh6 Rae8 18. Rab1 Bc5 19. Bf6 Ne3 20. Nd4 Qxg2# 0-1


[Site "https://www.chess.com"]

[Event "Titled Tuesday Blitz May 11 2021"]
[White "Tari, Aryan"]
[Black "Pantsulaia, Levan"]
[WhiteFideId "1510045"]
[BlackFideId "13602071"]
[WhiteElo "2656"]
[BlackElo "2530"]
[Result "0-1"]
[Round "07"]
[TimeControl "180+1"]
[Date "2021.05.11"]
[WhiteClock "0:00:04"]
[BlackClock "0:00:15"]

1. e4 c5 2. Nc3 e6 3. Nge2 a6 4. g3 b5 5. Bg2 Bb7 6. O-O d6 7. d4 cxd4 8. Nxd4 Nd7 9. Re1 Qb8 10. a4 b4 11. Na2 a5 12. c3 bxc3 13. Nxc3 Ngf6 14. Ndb5 Be7 15. b3 Nc5 16. Ba3 Nfd7 17. e5 Bxg2 18. exd6 Bf6 19. Kxg2 Bxc3 20. Nxc3 Qxb3 21. Nb5 O-O 22. Bxc5 Nxc5 23. Rc1 Qxd1 24. Rexd1 Nxa4 25. Rc6 Rab8 26. d7 Rfd8 27. Rd4 Nb6 28. Rc7 Nd5 29. Rxd5 exd5 30. Na7 Ra8 31. Nc6 Rf8 32. Ne7+ Kh8 33. Rc8 Raxc8 0-1


[Site "https://www.chess.com"]

[Event "Titled Tuesday Blitz May 11 2021"]
[White "Timmermans, Mark"]
[Black "Kollars, Dmitrij"]
[WhiteFideId "1026399"]
[BlackFideId "12909572"]
[WhiteElo "2460"]
[BlackElo "2576"]
[Result "1/2-1/2"]
[Round "07"]
[TimeControl "180+1"]
[Date "2021.05.11"]
[WhiteClock "0:00:24"]
[BlackClock "0:00:12"]

1. b4 d5 2. Bb2 Nf6 3. b5 g6 4. a4 Bg7 5. e3 O-O 6. Nf3 c5 7. c4 d4 8. exd4 Nh5 9. d3 cxd4 10. Be2 Nf4 11. O-O Nd7 12. Re1 Nc5 13. Bf1 Bf5 14. Ra3 Qd6 15. Bc1 a6 16. Bxf4 Qxf4 17. Rxe7 axb5 18. axb5 Rxa3 19. Nxa3 Ra8 20. Nc2 Bf6 21. Re1 Bg4 22. Be2 Na4 23. Qc1 Qd6 24. Nd2 Bf5 25. Nf1 Nc3 26. Qd2 Ra2 27. Ng3 Be6 28. Bf1 Kg7 29. Ne4 Qd8 30. Nxf6 Qxf6 31. Ra1 Rxa1 32. Nxa1 Na4 33. Nc2 Nc5 34. Qb4 b6 35. Qb2 Bf5 36. Qxd4 Bxd3 37. Bxd3 Qxd4 38. Nxd4 Nxd3 39. Nb3 Kf6 40. c5 bxc5 41. b6 Ne5 42. b7 Nc6 43. Nxc5 Nb8 44. f4 Ke7 45. Kf2 Kd6 46. Ne4+ Kc7 47. Ng5 Kxb7 48. Nxf7 Kc6 49. Ng5 h5 50. Nf7 Nd7 51. Ke3 Kd5 52. g3 Ke6 53. Ng5+ Kf5 54. h3 Nf6 55. Nf3 Nd5+ 56. Kf2 Ne7 57. Nh4+ Kf6 58. Nf3 Nd5 59. Ne5 h4 60. Ng4+ Kg7 61. Kf3 hxg3 62. Kxg3 Ne7 63. Ne3 Kf6 64. Kg4 Ng8 65. h4 Nh6+ 66. Kf3 Nf7 67. Ng4+ Kf5 68. Ne3+ Kf6 69. Nf1 Nh6 70. Ng3 Nf7 71. Ne4+ Kf5 72. Ng5 Nd6 73. Ke3 Nc4+ 74. Kf3 Nd6 75. Nh3 Nc4 76. Nf2 Nd2+ 77. Kg3 Nf1+ 78. Kf3 Nd2+ 79. Kg3 Nf1+ 80. Kg2 Kxf4 81. Kxf1 Kg3 82. h5 gxh5 83. Kg1 h4 84. Nh1+ Kg4 85. Nf2+ Kg3 86. Nh1+ Kh3 87. Nf2+ Kg3 1/2-1/2


[Site "https://www.chess.com"]

[Event "Titled Tuesday Blitz May 11 2021"]
[White "Tsydypov, Zhamsaran"]
[Black "Petrovskyi, Vadym"]
[WhiteFideId "4108566"]
[BlackFideId "14165210"]
[WhiteElo "2645"]
[BlackElo "2219"]
[Result "0-1"]
[Round "07"]
[TimeControl "180+1"]
[Date "2021.05.11"]
[WhiteClock "0:01:11"]
[BlackClock "0:00:19"]

1. e4 c5 2. Nf3 d6 3. d4 cxd4 4. Nxd4 Nf6 5. Nc3 a6 6. a3 e5 7. Nf3 Be7 8. Bc4 O-O 9. O-O Be6 10. Qe2 b5 11. Bxe6 fxe6 12. Ng5 Qc8 13. f4 Nc6 14. Nf3 Nd4 15. Qd3 Qc4 16. fxe5 Qxd3 17. cxd3 dxe5 18. Nxd4 exd4 19. Ne2 Rac8 20. Bf4 Rc2 21. Ng3 Rxb2 22. Be5 Rb3 23. Rad1 Bc5 24. Ne2 Rxa3 25. Nf4 Kf7 26. Rc1 Rc3 27. Ra1 Ra8 28. g4 Nxg4 29. Bc7 Ke7 30. h3 Ne3 31. Rf3 b4 32. Kh1 b3 33. Rg1 g6 34. Ba5 Rc2 0-1


[Site "https://www.chess.com"]

[Event "Titled Tuesday Blitz May 11 2021"]
[White "Zubov, Alexander"]
[Black "Murzin, Volodar"]
[WhiteFideId "14109409"]
[BlackFideId "44155573"]
[WhiteElo "2740"]
[BlackElo "2541"]
[Result "1-0"]
[Round "07"]
[TimeControl "180+1"]
[Date "2021.05.11"]
[WhiteClock "0:00:03"]
[BlackClock "0:00:02"]

1. d4 Nf6 2. Nf3 g6 3. Nbd2 Bg7 4. e4 d6 5. Bd3 O-O 6. O-O Nc6 7. Re1 e5 8. c3 Bg4 9. h3 Bxf3 10. Nxf3 Nd7 11. Bg5 f6 12. Bd2 Kh8 13. Qb3 Nb6 14. a4 a5 15. Bb5 Ne7 16. Rad1 c6 17. Bf1 Qc7 18. Be3 Nbc8 19. dxe5 dxe5 20. Qe6 Rd8 21. Bg5 Rd6 22. Qf7 Nb6 23. Be3 Nxa4 24. Qa2 b5 25. c4 Rb8 26. c5 Rxd1 27. Rxd1 Rd8 28. Rxd8+ Qxd8 29. h4 Qg8 30. b3 h5 31. Qc2 b4 32. bxa4 Qd8 33. Nd2 1-0


[Site "https://www.chess.com"]

[Event "Titled Tuesday Blitz May 11 2021"]
[White "dropstoneDP"]
[Black "Oparin, Grigoriy"]
[BlackFideId "24125890"]
[WhiteElo "2907"]
[BlackElo "2628"]
[Result "1-0"]
[Round "07"]
[TimeControl "180+1"]
[Date "2021.05.11"]
[WhiteClock "0:01:46"]
[BlackClock "0:01:04"]

1. e4 c5 2. h3 Nc6 3. Bb5 g6 4. Bxc6 bxc6 5. Nc3 Bg7 6. d3 c4 7. d4 d5 8. Nf3 dxe4 9. Nxe4 Nf6 10. Nxf6+ Bxf6 11. Bh6 Bf5 12. O-O Be4 13. Re1 Bd5 14. Ne5 Qb6 15. c3 O-O-O 16. Qg4+ Be6 17. Nxc4 Qb5 18. Rxe6 fxe6 19. Qxe6+ Kb7 20. b4 Qd5 21. Na5+ Kb6 22. Qe2 Rhe8 23. c4 Qxd4 24. Be3 1-0


[Site "https://www.chess.com"]

[Event "Titled Tuesday Blitz May 11 2021"]
[White "Acor, Corey"]
[Black "Lintchevski, Daniil"]
[WhiteFideId "2024861"]
[BlackFideId "4171055"]
[WhiteElo "2810"]
[BlackElo "2505"]
[Result "0-1"]
[Round "08"]
[TimeControl "180+1"]
[Date "2021.05.11"]
[WhiteClock "0:00:02"]
[BlackClock "0:00:18"]

1. e4 c6 2. d3 d5 3. Nd2 e5 4. g3 Bd6 5. Bg2 Nf6 6. Ngf3 O-O 7. O-O Re8 8. b3 Nbd7 9. Bb2 a5 10. a4 b6 11. Re1 Ba6 12. d4 Qc7 13. dxe5 Nxe5 14. Nd4 Rad8 15. f4 dxe4 16. fxe5 Bxe5 17. c3 c5 18. Nxe4 cxd4 19. cxd4 Nxe4 20. Rxe4 Bb7 21. Re2 Bxg2 22. Rxg2 Bf6 23. Rc1 Qd7 24. Rc4 b5 25. axb5 Qxb5 26. Rd2 Bg5 27. Rdc2 Be3+ 28. Kg2 Qxb3 29. Qf3 h6 30. R4c3 Qe6 31. Re2 Qb6 32. Rcxe3 Rxe3 33. Qxe3 a4 34. Rd2 Rd6 35. Qe8+ Kh7 36. Qxf7 Rf6 37. Qd5 Qb4 38. Qe4+ Kh8 39. Qd3 Qb7+ 40. d5 Rb6 41. Qd4 Rb5 42. Ba3 Rb3 43. Qc5 Kh7 44. Qc2+ Kg8 45. Qc5 Kh7 46. h4 Qf7 47. Rf2 Qg6 48. d6 Qxg3+ 49. Kf1 Qh3+ 50. Ke2 Qd3+ 51. Ke1 Rxa3 52. Rd2 Qg3+ 53. Kd1 Ra1+ 54. Ke2 Qg2+ 55. Qf2 Qe4+ 56. Qe3 Qg4+ 57. Kd3 Ra3+ 0-1


[Site "https://www.chess.com"]

[Event "Titled Tuesday Blitz May 11 2021"]
[White "Chigaev, Maksim"]
[Black "Artemiev, Vladislav"]
[WhiteFideId "4108116"]
[BlackFideId "24101605"]
[WhiteElo "2646"]
[BlackElo "2783"]
[Result "0-1"]
[Round "08"]
[TimeControl "180+1"]
[Date "2021.05.11"]
[WhiteClock "0:00:03"]
[BlackClock "0:00:15"]

1. c4 e5 2. g3 Nc6 3. Bg2 g6 4. Nc3 Bg7 5. d3 d6 6. Nf3 Nf6 7. O-O O-O 8. Bg5 h6 9. Bxf6 Bxf6 10. Nd2 Bg7 11. a3 a5 12. Rb1 Re8 13. e3 Ne7 14. Qc2 c6 15. b4 axb4 16. axb4 d5 17. b5 Be6 18. Rfd1 h5 19. h4 Nf5 20. bxc6 bxc6 21. Nb3 Rc8 22. Na4 g5 23. e4 dxe4 24. dxe4 Nd4 25. Nxd4 exd4 26. hxg5 Qxg5 27. Rb3 Rb8 28. Rdd3 Rxb3 29. Rxb3 Ra8 30. f4 Qg4 31. f5 Bd7 32. Rb7 Be8 33. Qb3 d3 34. Qxd3 h4 35. Bf3 Qxg3+ 0-1


[Site "https://www.chess.com"]

[Event "Titled Tuesday Blitz May 11 2021"]
[White "Debashis, Das"]
[Black "Pakleza, Zbigniew"]
[WhiteFideId "5024854"]
[BlackFideId "1119290"]
[WhiteElo "2470"]
[BlackElo "2526"]
[Result "1-0"]
[Round "08"]
[TimeControl "180+1"]
[Date "2021.05.11"]
[WhiteClock "0:00:13"]
[BlackClock "0:00:12"]

1. e4 d6 2. d4 Nf6 3. Nc3 c6 4. Nf3 Bg4 5. Be2 e6 6. O-O Be7 7. h3 Bh5 8. Be3 d5 9. e5 Nfd7 10. Nd2 Bg6 11. Nb3 c5 12. Nxc5 Nxc5 13. dxc5 Nc6 14. Nb5 O-O 15. f4 d4 16. Nxd4 Bxc5 17. c3 Bxd4 18. Bxd4 Nxd4 19. Qxd4 Qxd4+ 20. cxd4 Rfd8 21. Rfd1 Be4 22. Rac1 Rac8 23. Kf2 g6 24. Rc3 Bd5 25. a3 Kg7 26. Rdc1 Bc6 27. Rd1 h6 28. g4 g5 29. fxg5 hxg5 30. Bf3 Bxf3 31. Kxf3 Rxc3+ 32. bxc3 Rc8 33. Rc1 b5 34. Ke4 Rh8 35. a4 a6 36. axb5 axb5 37. Rh1 f6 38. exf6+ Kxf6 39. Rf1+ Ke7 40. Rf3 Kd6 41. Re3 Rf8 42. Kd3 Rh8 43. Kc2 b4 44. cxb4 Kd5 45. Kd3 Rh7 46. b5 Kd6 47. Kc4 Rc7+ 48. Kb4 Rc1 49. Rc3 Rb1+ 50. Ka5 Ra1+ 51. Kb6 Ra4 52. Rd3 Rb4 53. Ka6 Kd5 54. b6 Kc6 55. Rc3+ Kd5 56. b7 Ra4+ 57. Kb6 Rb4+ 58. Kc7 Kxd4 59. Rc6 e5 60. Rb6 Rc4+ 61. Kd7 1-0


[Site "https://www.chess.com"]

[Event "Titled Tuesday Blitz May 11 2021"]
[White "Dubov, Daniil"]
[Black "Petrovskyi, Vadym"]
[WhiteFideId "24126055"]
[BlackFideId "14165210"]
[WhiteElo "2722"]
[BlackElo "2219"]
[Result "1-0"]
[Round "08"]
[TimeControl "180+1"]
[Date "2021.05.11"]
[WhiteClock "0:00:31"]
[BlackClock "0:00:08"]

1. d4 Nf6 2. c4 e6 3. Nf3 b6 4. g3 Bb7 5. Bg2 Be7 6. O-O O-O 7. d5 exd5 8. Nd4 Bc6 9. cxd5 Bxd5 10. Bxd5 Nxd5 11. e4 Nb4 12. Nc3 N8c6 13. Nf5 Bf6 14. a3 Na6 15. Nd5 Nc5 16. Bf4 d6 17. b4 Bxa1 18. Qxa1 Ne6 19. Rc1 Ne5 20. Bxe5 dxe5 21. Qxe5 c5 22. bxc5 bxc5 23. Rxc5 Re8 24. Rc6 Qg5 25. h4 f6 26. Nde7+ Kh8 27. Qxe6 Qd2 28. Kg2 Qe1 29. Nd6 h6 1-0


[Site "https://www.chess.com"]